 Dungeon Crawl Stone Soup version 0.24.0-2-g5b39cebb1c (webtiles) character file.

Game seed: 2618620021447521634, levelgen mode: deterministic

475 Mrkan the Ruffian (level 6, 0/62 HPs)
             Began as a Troll Monk on Oct 31, 2019.
             Slain by oberejnoburuli's ghost (14 damage)
             ... on level 4 of the Dungeon.
             The game lasted 00:09:47 (3585 turns).

Mrkan the Ruffian (Troll Monk)                      Turns: 3585, Time: 00:09:48

Health: 0/62       AC:  7    Str: 25    XL:     6   Next: 84%
Magic:  5/5        EV: 10    Int:  8    God:
Gold:   182        SH:  0    Dex: 12    Spells: 5/5 levels left

rFire    . . .     SeeInvis .     - Unarmed
rCold    . . .     Gourm    +   (no shield)
rNeg     . . .     Faith    .   a - +1 robe
rPois    .         Spirit   .   (helmet restricted)
rElec    .         Reflect  .   (no cloak)
rCorr    .         Harm     .   (gloves unavailable)
MR       .....                  (boots unavailable)
Stlth    ++........             (no amulet)
HPRegen  0.60/turn              (no ring)
MPRegen  0.09/turn              (no ring)

@: mighty
A: large, unfitting armour, claws 3, fast metabolism 3, gourmand, regeneration
1, shaggy fur 1, tough skin 3
a: no special abilities


You were on level 4 of the Dungeon.
You were full.

You visited 1 branch of the dungeon, and saw 4 of its levels.
You also visited: Sewer.

You collected 182 gold pieces.

Inventory:

Hand Weapons
 g - the +4 mace "Wammafoa" {freeze, rF+}
   (You found it on level 4 of the Dungeon)

   It has been specially enchanted to freeze those struck by it, causing extra
   injury to most foes and up to half again as much damage against particularly
   susceptible opponents.
   It can also slow down cold-blooded creatures.
   It protects you from fire.
Missiles
 c - 192 stones (quivered)
Armour
 a - a +1 robe (worn)
 d - a +1 cloak
Jewellery
 h - an uncursed ring of flight {unknown}
 p - an uncursed ring of protection from cold {unknown}
 r - an uncursed ring of positive energy {unknown}
 w - an uncursed ring of see invisible {unknown}
Scrolls
 e - a scroll of remove curse
 k - a scroll of fog
 l - 3 scrolls of fear
 m - a scroll of enchant armour
 q - a scroll of teleportation
Potions
 f - a potion of haste
 i - 4 potions of resistance
 j - a potion of curing {unknown}
 n - 2 potions of mutation
 o - a potion of might
 s - 2 potions of magic
 t - 2 potions of brilliance {unknown}
 u - 4 potions of heal wounds {unknown}
Comestibles
 b - 7 rations


   Skills:
 + Level 4.2 Fighting
 - Level 2.4 Dodging
 - Level 1.0 Stealth
 * Level 6.6 Unarmed Combat


You had 5 spell levels left.
You didn't know any spells.
Your spell library was empty.

Dungeon Overview and Level Annotations

Branches:
Dungeon (4/15)              Sewer (visited)
 Temple: D:4-7

Altars:
Elyvilon
Hepliaklqana
Qazlal
Sif Muna
Uskayaw
Vehumet
The Shining One

Annotations:
D:4 oberejnoburuli's ghost, novice GrFi


Innate Abilities, Weirdness & Mutations

You are too large for most types of armour.
You have claws for hands.
Your metabolism is lightning-fast.
You like to eat raw meat.
Your natural rate of healing is unusually fast.
You are covered in fur. (AC +1)
You have extremely tough skin. (AC +3)


Message History

You feel very mighty all of a sudden.
A sky beast appears from thin air!
Reactivating autopickup.
The sky beast hits you.
* * * LOW HITPOINT WARNING * * *
The sky beast shocks you.
* * * LOW HITPOINT WARNING * * *
You miss the sky beast.
The sky beast is moderately wounded.
You claw the sky beast!
The sky beast is almost dead.
The sky beast barely misses you.
You barely miss the sky beast.
The sky beast is almost dead.
The sky beast barely misses you.
You claw the sky beast!
You kill the sky beast!
You scratch oberejnoburuli's ghost but do no damage.
Oberejnoburuli's ghost hits you!
You die...

##### ##...##
#.....####### #########
##'##...W@..# #........
#%%.#######.# #..#####.
#.?(# #.# ##...###..
#%%}#######.#####.#....#..
#####...(........###.#.#..
#.###.###.######.#.#.#.#
#.# #.# #.# #.........
#.###.###.# ###.#.#.#.#
#.........# #..........


You could see oberejnoburuli's ghost.

Vanquished Creatures
  A sky beast (D:4)
  A phantom (D:4)
  Jessica (D:2)
  Terence (D:2)
  An iguana (D:4)
  An orc wizard (D:4)
  Robin (D:2)
  4 adders
  3 river rats (Sewer)
  An ooze (D:3)
  An adder skeleton (D:4)
  3 worms
  A dart slug (D:2)
  A leopard gecko (D:3)
  10 orcs
  4 giant cockroaches
  15 goblins
  10 hobgoblins
  5 ball pythons
  6 bats
  6 frilled lizards
  5 kobolds
  15 rats
97 creatures vanquished.

Notes
Turn   | Place    | Note
-------+----------+-------------------------------------------
     0 | D:1      | Mrkan the Troll Monk began the quest for the Orb.
     0 | D:1      | Reached XP level 1. HP: 22/22 MP: 0/0
   208 | D:1      | Reached XP level 2. HP: 26/29 MP: 1/1
   752 | D:2      | Found a shimmering blue altar of Sif Muna.
   756 | D:2      | Found a hazy altar of Hepliaklqana.
   756 | D:2      | Found a stormy altar of Qazlal.
   756 | D:2      | Found a radiant altar of Vehumet.
   816 | D:2      | Found a glowing golden altar of the Shining One.
   821 | D:2      | Found a white marble altar of Elyvilon.
   950 | D:2      | Noticed Jessica
   957 | D:2      | Killed Jessica
   957 | D:2      | Reached skill level 4 in Unarmed Combat
   957 | D:2      | Reached XP level 3. HP: 36/36 MP: 2/2
  1119 | D:2      | Noticed Terence
  1131 | D:2      | Killed Terence
  1131 | D:2      | Reached XP level 4. HP: 37/45 MP: 3/3
  1148 | D:2      | Noticed Robin
  1176 | D:2      | Killed Robin
  1630 | D:3      | Reached skill level 5 in Unarmed Combat
  1693 | D:3      | Reached XP level 5. HP: 52/53 MP: 4/4
  1977 | D:3      | Found a glowing drain.
  1987 | Sewer    | Entered a sewer
  2903 | D:4      | Got a brightly glowing mace
  2925 | D:4      | Identified the +4 mace "Wammafoa" {freeze, rF+} (You found
                  | it on level 4 of the Dungeon)
  2935 | D:4      | Noticed a phantom
  2951 | D:4      | Killed a phantom
  2951 | D:4      | Reached skill level 6 in Unarmed Combat
  2951 | D:4      | Reached XP level 6. HP: 52/62 MP: 5/5
  3023 | D:4      | Noticed a +0 dagger
  3024 | D:4      | Noticed a +0 hand axe
  3034 | D:4      | Found a hide-covered altar of Uskayaw.
  3554 | D:4      | Found a runed translucent door.
  3555 | D:4      | Noticed a sky beast
  3555 | D:4      | Noticed oberejnoburuli's ghost (novice GrFi)
  3584 | D:4      | Killed a sky beast
  3585 | D:4      | Slain by oberejnoburuli's ghost

Levels and vault maps discovered:
D:1:      onia_arrival_larder, layout_rooms, ebering_dispersal_statue_hall,
          corexii_leaking_fountain, chequers_mini_garden
D:2:      layout_basic, grunt_temple_overflow_open, minitemple, first_ration,
          serial_glass, glass_columns_c, glass_columns_a, uniq_terence,
          uniq_robin, uniq_jessica
D:3:      layout_basic, portal_sewer_entry_b, minivault_11
D:4:      layout_loops_corners, dancing_weapons_uskayaw,
          ebering_ghost_inner_flame, st_stairs_13

Skill      XL: |  1  2  3  4  5  6 |
---------------+-------------------+-----
Unarmed Combat | 4 5 6 |  6.6
Fighting       | 3 4 |  4.2
Dodging        | |  2.4
Stealth        | |  1.0

Action                   |  1- 3 |  4- 6 || total
-------------------------+-------+-------++-------
Melee: Unarmed           |    75 |   195 ||   270
       Punch             |       |     2 ||     2
  Use: Scroll            |       |    13 ||    13
       Potion            |       |     1 ||     1
 Stab: Sleeping          |     2 |     4 ||     6
  Eat: Chunk             |    15 |    21 ||    36
Armor: Robe              |    34 |    96 ||   130
Dodge: Dodged            |    35 |   123 ||   158
